 Dungeon Crawl Stone Soup version 0.21-a0-634-gaf8bc5d (webtiles) character file.

91 theanonym the Ruffian (level 4, -5/35 HPs)
             Began as a Draconian Transmuter on Dec 29, 2017.
             Slain by Regeox's ghost (6 damage)
             ... on level 3 of the Dungeon.
             The game lasted 00:06:21 (2807 turns).

theanonym the Ruffian (Draconian Transmuter)        Turns: 2807, Time: 00:06:22

Health: -5/35      AC:  2    Str: 13    XL:     4   Next: 34%
Magic:  1/7        EV: 19    Int: 14    God:
Gold:   153        SH:  0    Dex: 16    Spells: 1/7 levels left

rFire    + . .     SeeInvis .     - Unarmed
rCold    . . .     Gourm    +   (shield currently unavailable)
rNeg     . . .     Faith    .   (armour unavailable)
rPois    x         Spirit   .   (helmet currently unavailable)
rElec    .         Reflect  .   (cloak currently unavailable)
rCorr    .         Harm     .   (gloves currently unavailable)
MR       .....                  (boots currently unavailable)
Stlth    +.........             d - amulet of the gourmand {Gourm}
HPRegen  0.11/turn              n - ring of protection from fire (curse) {rF+}
MPRegen  0.10/turn              (no ring)

@: spider-form (expiring)
A: tiny, unfitting armour, AC +5
a: End Transformation


Innate Abilities, Weirdness & Mutations

((Your plain brown scales are hard. (AC +5)))
You cannot fit into any form of body armour.
((You are cold-blooded and may be slowed by cold attacks.))


   Skills:
 - Level 1.1 Fighting
 - Level 1.7 Dodging
 * Level 4.4 Unarmed Combat
 - Level 2.0 Spellcasting
 + Level 2.9 Transmutations
 + Level 1.1 Poison Magic


You had one spell level left.
You knew the following spells:

 Your Spells              Type           Power        Failure   Level  Hunger
a - Beastly Appendage     Tmut           #.....       19%         1    ##.....
b - Sticks to Snakes      Tmut           #.......     26%         2    ###....
c - Spider Form           Tmut/Pois      #.........   52%         3    ####...

Skill      XL: |  1  2  3  4 |
---------------+-------------+-----
Unarmed Combat | 4 |  4.4
Poison Magic   | 1 |  1.1
Fighting       | |  1.1
Dodging        | |  1.7
Spellcasting   | |  2.0
Transmutations | |  2.9

Action                   |  1- 3 |  4- 6 || total
-------------------------+-------+-------++-------
Melee: Unarmed           |   216 |    56 ||   272
       Tailslap          |    28 |     1 ||    29
       Kick              |     1 |       ||     1
       Headbutt          |     1 |       ||     1
       Punch             |     5 |       ||     5
 Cast: Beastly Appendage |     4 |     1 ||     5
       Spider Form       |     4 |     2 ||     6
       Sticks to Snakes  |       |     2 ||     2
  Use: Scroll            |       |     5 ||     5
 Stab: Sleeping          |     1 |       ||     1
  Eat: Chunk             |     5 |       ||     5
       Ration            |     1 |       ||     1
Armor: Skin              |    51 |     9 ||    60
Dodge: Dodged            |   110 |    47 ||   157

Inventory:

Missiles
 a - 30 arrows
Jewellery
 d - an amulet of the gourmand (around neck) {Gourm}
   (You found it on level 3 of the Dungeon)
 n - a cursed ring of protection from fire (left front leg) {rF+}
   (You found it on level 2 of the Dungeon)
 q - an uncursed ring of ice {rC+ rF-}
   (You found it on level 2 of the Dungeon)
Scrolls
 h - a scroll of fear {unknown}
 k - a scroll of noise {unknown}
 l - 2 scrolls of enchant armour {unknown}
 o - a scroll of teleportation {unknown}
 p - 3 scrolls of remove curse {unknown}
Potions
 c - 2 potions of haste
 f - a potion of heal wounds {unknown}
 i - 2 potions of mutation
 j - a potion of brilliance {unknown}
 m - 2 potions of degeneration
 t - a potion of agility {unknown}
Books
 b - a book of Changes
Comestibles
 e - 6 rations
 s - 2 chunks of flesh


You were on level 3 of the Dungeon.
You were not hungry.
You were a venomous arachnid creature.
You visited 1 branch of the dungeon, and saw 3 of its levels.

You collected 153 gold pieces.

Dungeon Overview and Level Annotations

Branches:
Dungeon (3/15)

Altars:

Annotations:
D:3 Regeox's ghost, amateur DsFi


Message History

The adder barely misses you.
You miss the adder. The adder bites you. The adder closely misses you.
You take 3 damage, and have 32/35 hp.
You barely miss the adder. The adder barely misses you.
You barely miss the adder. The adder closely misses you.
You closely miss the adder. The adder misses you.
You miss the adder. The adder misses you.
You closely miss the adder. The adder bites you but does no damage.
The adder barely misses you.
You hit the adder. The adder bites you but does no damage.
You closely miss the adder. The adder bites you.
You take 1 damage, and have 31/35 hp.
You hit the adder.
You kill the adder!
No target in view!
No target in view!
No target in view!
You start resting.
Regeox's ghost (amateur Demonspawn Fighter) comes into view.
You regained 2 hp, and now have 33/35 hp.
Unknown command.
You see here an adder corpse.
Okay, then.
Unknown command.
Found 12 bolts and a twisted wooden ring.
You start resting.
Health restored: 35 You butcher the adder corpse.
s - 2 chunks of flesh
t - a lumpy white potion
u - a twisted wooden ring Put on which piece of jewellery? (? for menu, Esc to quit)
u - a ring of flight (right hand)
As you read the scroll of identify, it crumbles to dust.
g - a cursed amulet of inaccuracy Drop what? 20/52 slots (_ for help) (? for menu, Esc to quit)
You drop a cursed amulet of inaccuracy.
You remove your ring of flight {+Fly}.
You drop an uncursed ring of flight {+Fly}.
You now have 153 gold pieces (gained 12).
You open the large door.
Found 14 stones.
There is a large open door here.
g - a book of Misfortune
Okay, then.
Unknown command.
You drop a book of Misfortune.
Here: Regeox's ghost (hasn't noticed you)
The floor.
Unknown command.
Unknown command.
You create a snake!
You now have 31 arrows.
Regeox's ghost turns its malevolent gaze towards you.
You now have 5/7 mp.
Casting: Sticks to Snakes You create a snake!
You now have 30 arrows.
You now have 3/7 mp.
Casting: Sticks to Snakes You turn into a venomous arachnid creature.
* * * LOW MAGIC WARNING * * *
Regeox's ghost hits your ball python.
Your ball python dies!
You now have 0/7 mp.
Your ball python bites Regeox's ghost but does no damage.
There is a large open door here.
You hit Regeox's ghost but do no damage.
Your ball python bites Regeox's ghost but does no damage.
Regeox's ghost hits your ball python.
Your ball python dies!
Regeox's ghost turns its malevolent gaze towards you.
You hit Regeox's ghost. Regeox's ghost barely misses you.
You hit Regeox's ghost. Regeox's ghost closely misses you.
You hit Regeox's ghost. Regeox's ghost completely misses you.
You hit Regeox's ghost but do no damage.
You barely miss Regeox's ghost.
Your transformation is almost over.
Regeox's ghost completely misses you.
You hit Regeox's ghost but do no damage.
Regeox's ghost hits you!
You take 14 damage, and have 21/35 hp.
MASSIVE DAMAGE!!
You hit Regeox's ghost but do no damage.
Regeox's ghost closely misses you.
You hit Regeox's ghost but do no damage.
Regeox's ghost closely misses you.
You hit Regeox's ghost but do no damage.
Regeox's ghost hits you.
You take 5 damage, and have 16/35 hp.
You are too injured to fight recklessly!
You are too injured to fight recklessly!
You hit Regeox's ghost. Regeox's ghost closely misses you.
You hit Regeox's ghost but do no damage.
Regeox's ghost barely misses you.
You hit Regeox's ghost but do no damage.
Regeox's ghost closely misses you.
You hit Regeox's ghost. Regeox's ghost hits you!
* * * LOW HITPOINT WARNING * * *
You take 15 damage, and have 1/35 hp.
MASSIVE DAMAGE!!
You hit Regeox's ghost but do no damage.
Regeox's ghost hits you.
You die...

#.......##### #[.#.#.#.#
#.......#...# #..#.#.#.#
#.......#...###..#.#)#.#.
..'........................
###.......#...###......#.#.
#....................#.#.
#....(..#=..####....##.#.
#.......W...# #.......#.
#..####'s#### ##...####.
##.#≈≈≈..§§≈# #.:.####.
#≈.:....≈# #........
#≈.≈§≈≈$§# #........
#≈.≈≈≈≈.≈# ###....).
#≈.≈≈≈§.≈# #......
#≈(≈≈≈≈.≈# #....).
#§......≈# #(.....
#≈≈≈..≈≈≈# #......


You could see Regeox's ghost.

Notes
Turn   | Place    | Note
-------+----------+-------------------------------------------
     0 | D:1      | theanonym the Draconian Transmuter began the quest for the Orb.
     0 | D:1      | Reached XP level 1. HP: 16/16 MP: 3/3
   136 | D:1      | HP: 8/16 [rat (1)]
   140 | D:1      | Reached XP level 2. HP: 12/23 MP: 5/5
   179 | D:1      | Learned a level 2 spell: Sticks to Snakes
   720 | D:1      | Reached XP level 3. HP: 28/28 MP: 6/6
   730 | D:1      | Learned a level 3 spell: Spider Form
   746 | D:1      | You fall through a shaft!
  1113 | D:1      | Reached skill level 4 in Unarmed Combat
  2334 | D:3      | Reached XP level 4. HP: 34/35 MP: 4/7
  2366 | D:3      | HP: 15/35 [hobgoblin/club (4)]
  2367 | D:3      | Reached skill level 1 in Poison Magic
  2371 | D:3      | HP: 12/35 [poisoned by an adder]
  2377 | D:3      | HP: 10/35 [poisoned by an adder]
  2383 | D:3      | HP: 8/35 [poisoned by an adder]
  2391 | D:3      | HP: 7/35 [poisoned by an adder]
  2743 | D:3      | Noticed Regeox's ghost (amateur DsFi)
  2802 | D:3      | HP: 16/35 [Regeox's ghost (5)]
  2806 | D:3      | HP: 1/35 [Regeox's ghost (15)]
  2807 | D:3      | Slain by Regeox's ghost

Vanquished Creatures
  2 adders (D:3)
  An ooze (D:1)
  A worm (D:2)
  4 dart slugs
  3 leopard geckos
  8 bats
  4 giant cockroaches
  5 goblins
  6 hobgoblins
  4 jackals (D:2)
  4 kobolds
  2 quokkas (D:3)
  4 frilled lizards
  7 rats
  A plant (D:2)
56 creatures vanquished.

Table legend:
 A = Turns spent in this place as a percentage of turns spent in the entire game.
 B = Non-inter-level travel turns spent in this place as a percentage of non-inter-level travel turns spent in the entire game.
 C = Inter-level travel turns spent in this place as a percentage of turns spent in this place.
 D = Turns resting spent in this place as a percentage of non-inter-level travel turns spent in this place.
 E = Turns spent auto-exploring this place as a percentage of non-inter-level travel turns spent in this place.
 F = Non-inter-level travel turns spent in this place divided by the number of levels of this place that you've seen.
                   A       B       C       D       E      F
               +-------+-------+-------+-------+-------+----------------------
         Total | 100.0 | 100.0 |   2.6 |  28.9 |  51.8 | 911.7
       Dungeon | 100.0 | 100.0 |   2.6 |  28.9 |  51.8 | 911.7
               +-------+-------+-------+-------+-------+----------------------
